Map: King's Cove LE

Players

Namshar

  • Race: Zerg Zerg
  • League: Grandmaster
  • Spawn Location: 5:00

LiquidMaNa (MaNa) - Winner!

  • Race: Protoss Protoss
  • League: Grandmaster
  • Spawn Location: 11:00

Event: 2019 WCS Winter Europe

VOD

Have the link to the VOD?

Description

Time

  • Played on: Feb. 14, 2019, 9:48 a.m.
  • Length: 8:35

All games in this series

Show
View Real Time Build Order
Export as new Build Order

Namshar Zerg 

Build Orders: Hatch First 

Get SALT Encoding   

  12  0:00  Drone  
  13  0:12  Overlord  
  13  0:17  Drone  
  14  0:30  Drone  
  15  0:45  Hatchery  
  15  0:48  Drone  
  15  0:53  Drone  
  15  0:56  Drone  
  17  1:12  Spawning Pool  
  17  1:15  Extractor  
  15  1:19  Drone  
  15  1:21  Drone  
  15  1:23  Drone  
  18  1:32  Drone  
  19  1:42  Drone  
  20  1:59  Queen x2, Zergling x2  
  20  2:00  Zergling x2  
  26  2:04  Overlord  
  27  2:08  Drone  
  27  2:14  Drone  
  28  2:19  Metabolic Boost  
  28  2:23  Drone  
  28  2:26  Drone  
  30  2:32  Drone  
  30  2:36  Drone  
  32  2:45  Hatchery  
  32  2:48  Drone  
  32  2:53  Overlord  
  32  2:58  Drone  
  33  3:00  Drone  
  33  3:02  Drone  
  35  3:09  Drone  
  35  3:11  Drone  
  35  3:12  Drone x4  
  41  3:15  Drone x2  
  43  3:25  Overlord  
  43  3:27  Spore Crawler  
  43  3:28  Spore Crawler  
  43  3:29  Queen  
  43  3:37  Drone  
  43  3:39  Roach Warren  
  43  3:44  Drone  
  43  3:45  Drone x4  
  48  3:53  Overlord  
  48  3:56  Extractor  
  48  3:57  Extractor, Drone x4  
  50  4:06  Overlord  
  50  4:11  Drone  
  50  4:12  Drone  
  52  4:24  Roach  
  54  4:25  Roach x4  
  54  4:27  Spore Crawler  
  63  4:31  Roach  
  63  4:34  Overlord  
  63  4:35  Roach  
  63  4:36  Roach x2  
  71  4:45  Roach  
  71  4:46  Overlord  
  71  4:48  Lair  
  71  4:56  Roach x2  
  75  5:06  Overlord  
  74  5:11  Drone  
  74  5:12  Drone x6  
  81  5:15  Roach x4  
  89  5:21  Drone  
  89  5:22  Evolution Chamber  
  89  5:26  Overlord  
  89  5:27  Drone  
  89  5:28  Evolution Chamber, Drone  
  91  5:31  Drone x2  
  92  5:36  Queen  
  92  5:40  Roach  
  92  5:41  Roach  
  98  5:48  Roach  
  98  5:49  Roach x4  
  93  5:58  Roach x3  
  93  6:00  Drone x5  
  93  6:03  Zerg Missile Weapons Level 1  
  93  6:04  Glial Reconstitution  
  104  6:07  Overlord  
  104  6:10  Overseer  
  104  6:18  Overlord x3  
  104  6:19  Roach  
  106  6:32  Overlord x2  
  106  6:33  Drone  
  106  6:34  Extractor, Drone  
  105  6:42  Extractor  
  104  6:48  Extractor, Drone x2  
  104  6:49  Drone  
  104  6:50  Hatchery, Drone x4  
  104  6:51  Hydralisk Den, Drone  
  109  6:58  Drone x5  
  114  7:10  Drone x3  
  114  7:11  Pneumatized Carapace  
  114  7:12  Hatchery  
  116  7:21  Grooved Spines  
  116  7:26  Overlord  
  116  7:28  Queen  
  118  7:33  Hydralisk x5, Overlord  
  128  7:37  Overlord  
  128  7:38  Overlord  
  128  7:41  Roach x4  
  136  7:45  Roach  
  136  7:46  Roach  
  136  7:47  Ravager  
  136  7:51  Overlord x2  
  141  7:52  Roach x4  
  141  7:55  Roach x2  
  150  8:02  Roach x3  
  138  8:07  Roach x2  
  138  8:10  Roach x3  
  136  8:13  Roach  
Show
View Real Time Build Order
Export as new Build Order

LiquidMaNa Protoss - Winner!

Build Orders: Nexus First, Archon Immortal, Archon Drop 

Get SALT Encoding   

  12  0:00  Probe  
  13  0:12  Probe  
  14  0:18  Pylon  
  14  0:24  Probe  
  15  0:32  Probe  
  15  0:40  Probe  
  17  1:02  Nexus  
  17  1:11  Probe, Gateway  
  18  1:20  Assimilator, Probe  
  19  1:29  Probe  
  19  1:30  Assimilator  
  20  1:41  Probe  
  20  1:43  Pylon  
  21  1:52  Probe  
  22  1:59  Cybernetics Core  
  22  2:00  Probe  
  23  2:08  Probe  
  23  2:14  Probe  
  25  2:20  Probe  
  26  2:25  Stalker  
  26  2:26  Probe  
  27  2:32  Probe  
  27  2:37  Robotics Facility  
  30  2:38  Probe  
  30  2:39  Warp Gate  
  31  2:44  Probe  
  31  2:50  Probe  
  32  2:54  Adept  
  32  2:56  Probe  
  35  3:02  Probe  
  36  3:08  Probe  
  37  3:13  Immortal  
  37  3:14  Probe  
  38  3:20  Probe  
  38  3:23  Gateway  
  38  3:26  Probe  
  44  3:29  Assimilator  
  44  3:32  Probe  
  45  3:35  Pylon  
  45  3:38  Probe  
  45  3:41  Assimilator  
  46  3:48  Immortal, Twilight Council  
  46  3:54  Probe x2  
  52  4:03  Pylon  
  52  4:06  Probe x2  
  54  4:19  Warp Prism  
  54  4:20  Gateway  
  54  4:21  Probe x2  
  54  4:23  Gateway  
  58  4:35  Templar Archives  
  58  4:37  Probe  
  59  4:39  Probe  
  59  4:42  Pylon  
  60  4:49  Adept  
  62  5:00  Pylon  
  62  5:01  Observer, Probe x2  
  65  5:09  Nexus  
  65  5:19  Charge, High Templar x4  
  73  5:23  Shield Battery, Archon x2  
  73  5:24  Probe x2  
  73  5:28  Forge  
  75  5:33  Pylon  
  75  5:36  Protoss Ground Weapons Level 1, Probe  
  75  5:40  Probe  
  77  5:48  Probe  
  78  5:52  Zealot x4  
  78  5:53  Immortal  
  78  6:02  Probe x2  
  84  6:13  Sentry  
  84  6:15  Gateway  
  84  6:17  Gateway  
  86  6:20  Gateway  
  86  6:21  Probe x2  
  86  6:22  Gateway  
  86  6:25  Probe  
  89  6:28  Zealot x2, Sentry  
  89  6:31  Assimilator  
  95  6:33  Assimilator, Probe  
  95  6:34  Observer  
  95  6:39  Immortal  
  96  6:42  Probe  
  101  6:48  Pylon  
  101  6:51  Pylon  
  101  7:06  Probe  
  102  7:08  High Templar x3  
  102  7:09  High Templar  
  102  7:14  Archon x2  
  102  7:15  Zealot x3  
  116  7:18  Pylon  
  116  7:20  Pylon  
  116  7:22  Pylon x2  
  116  7:23  Probe  
  116  7:25  Photon Cannon  
  116  7:29  Observer  
  117  7:36  Probe x2  
  119  7:37  Nexus  
  119  7:42  High Templar x2  
  119  7:43  Zealot x2  
  127  7:47  Archon  
  115  8:07  Zealot x6  
  113  8:29  Zealot x8  
Tags
 
Add a new tag
Caveats
  • Supply blocks, unpowered buildings, or Contaminate may cause inaccurate times.
  • Supply counts are checked every 10 seconds.